 Dungeon Crawl Stone Soup version 0.31-a0-166-g46f44d267d (webtiles) character file.

Game seed: 13212451048179135840

322 SatanicRosa666 the Chiller (level 6, 0/43 HPs)
             Began as a Vampire Ice Elementalist on June 14, 2023.
             Was a Follower of Sif Muna.
             Slain by an ogre
             ... wielding a +0 giant spiked club
              (19 damage)
             ... on level 4 of the Dungeon.
             The game lasted 00:48:03 (4679 turns).

SatanicRosa666 the Chiller (VpIE)                   Turns: 4679, Time: 00:48:04

Health: 0/43       AC: 17    Str:  7    XL:     6   Next: 22%
Magic:  6/10       EV:  9    Int: 19    God:    Sif Muna [*.....]
Gold:   80         SH:  9    Dex: 15    Spells: 6/11 levels left

rFire   . . .        G - +0 mace (protect)
rCold   . . .        S - +0 buckler
rNeg    . . .        p - +3 ring mail
rPois   .            F - +1 hat
rElec   .            q - +0 cloak
rCorr   .            (no gloves)
SInv    +            (no boots)
Will    .....        j - amulet of reflection
Stlth   ++           (no ring)
HPRegen 0.47/turn    (no ring)
MPRegen 0.12/turn

%: reflection
@: under a protective aura, healing quickly
A: alive, fangs 3, see invisible, vampiric 2
a: Exsanguinate, Renounce Religion, Channel Magic


You were on level 4 of the Dungeon.
You worshipped Sif Muna.
Sif Muna was aware of your devotion.
You visited 1 branch of the dungeon, and saw 4 of its levels.

You collected 176 gold pieces.
You spent 96 gold pieces at shops.

Inventory:

Hand Weapons
 d - a +0 falchion
 e - a +0 dagger
 h - a +0 spear
 l - a +2 great sword
 o - a +0 hand axe
 w - a +0 whip
 A - a +0 short sword
 B - a +0 trident
 C - the +7 rapier "Fuliteh" {holy, rPois rF+ Int-5}
   (You found it on level 2 of the Dungeon)

   Int:       It affects your intelligence (-5).
   rF:        It protects you from fire.
   rPois:     It protects you from poison.
 G - a +0 mace of protection (weapon)
 W - a +0 flail
Missiles
 c - 7 poisoned darts
 g - 35 stones
 D - 5 javelins
 M - 4 datura-tipped darts
Armour
 a - a +0 robe
 m - a +0 ring mail
 n - a +0 leather armour
 p - a +3 ring mail (worn)
 q - a +0 cloak (worn)
 F - a +1 hat (worn)
 S - a +0 buckler (worn)
Jewellery
 j - an amulet of reflection (around neck)
 v - a ring of willpower
 H - a ring of resist corrosion
Wands
 K - a wand of flame (7)
 T - a wand of iceblast (6)
Scrolls
 i - a scroll of enchant armour {unknown}
 k - 3 scrolls of amnesia {unknown}
 r - a scroll of revelation
 t - 2 scrolls of fear {unknown}
 z - 4 scrolls of identify {unknown}
 I - a scroll of brand weapon {unknown}
 J - a scroll of immolation {unknown}
 V - a scroll of teleportation {unknown}
Potions
 b - 2 potions of magic
 u - a potion of lignification {unknown}
 U - 2 potions of brilliance


   Skills:
 + Level 1.1 Fighting
 + Level 1.2 Short Blades
 + Level 1.3 Maces & Flails
 + Level 0.4 Throwing
 + Level 0.8 Armour
 + Level 3.0 Dodging
 + Level 3.4 Stealth
 + Level 0.6 Shields
 + Level 0.1 Unarmed Combat
 + Level 3.1 Spellcasting
 + Level 0.1 Conjurations
 + Level 5.3 Ice Magic
 + Level 0.1 Air Magic


You had 6 spell levels left.
You knew the following spells:

 Your Spells              Type           Power      Damage    Failure   Level
a - Freeze                Ice            92%        1d9       10%         1
b - Shock                 Conj/Air       12%        1d3       63%         1
c - Frozen Ramparts       Ice            46%        1d7       28%         3

Your spell library contained the following spells:

 Spells                   Type           Power      Damage    Failure   Level
 Ozocubu's Armour         Ice            23%        N/A       28%         3
 Swiftness                Air            3%         N/A       94%         3
 Summon Ice Beast         Ice/Summ       13%        N/A       96%         4
 Airstrike                Air            1%         2d(1-17)  100%        4
 Summon Forest            Summ/Tloc      1%         N/A       100%        5
 Eringya's Noxious Bog    Tmut/Pois      1%         N/A       100%        6
 Summon Hydra             Summ           1%         N/A       100%        7


Dungeon Overview and Level Annotations

Branches:
Dungeon (4/15)
 Temple: D:4-7

Altars:
Okawaru
Sif Muna

Shops:
D:3 *


Innate Abilities, Weirdness & Mutations

Your natural rate of healing is accelerated.
You have razor-sharp teeth.
You have supernaturally acute eyesight. (SInv)
You are afflicted with vampirism and can become a bat while bloodless.


Message History

Aim: an ogre, wielding a +0 giant spiked club (73% to hit)
You throw a poisoned dart.
The poisoned dart barely misses the ogre.
The ogre barely misses you.
Throw: 8 darts (poison)
Press: ? - help, Shift-Dir - straight line, f/p - ogre
Aim: an ogre, wielding a +0 giant spiked club (73% to hit)
You throw a poisoned dart. The poisoned dart hits the ogre.
Casting: Frozen Ramparts (quite dangerous; 28% risk of failure)
Confirm with . or Enter, or press ? or * to list all spells.
Aiming: Freeze (safe; 10% risk of failure)
Press: ? - help, Shift-Dir - straight line, f/p - ogre
Aim: an ogre, wielding a +0 giant spiked club You freeze the ogre.
The ogre is lightly wounded.
The ogre hits you with a +0 giant spiked club!
Casting: Freeze (safe; 10% risk of failure)
Confirm with . or Enter, or press ? or * to list all spells.
Aiming: Freeze (safe; 10% risk of failure)
Press: ? - help, Shift-Dir - straight line, f/p - ogre
Aim: an ogre, wielding a +0 giant spiked club (lightly wounded)
You freeze the ogre.
The ogre is moderately wounded.
Aiming: Freeze (safe; 10% risk of failure)
Press: ? - help, Q - select action, (/) - cycle Shift-Dir - straight line, f/p - ogre
Aim: an ogre, wielding a +0 giant spiked club (moderately wounded)
You freeze the ogre.
The ogre is heavily wounded.
The ogre hits you with a +0 giant spiked club!
Aiming: Freeze (safe; 10% risk of failure)
Press: ? - help, Q - select action, (/) - cycle Shift-Dir - straight line, f/p - ogre
Aim: an ogre, wielding a +0 giant spiked club (heavily wounded)
You freeze the ogre!
The ogre is severely wounded.
You block the ogre's attack.
You hit the ogre.
Your weapon exudes an aura of protection.
The ogre is severely wounded.
The ogre hits you with a +0 giant spiked club!!
You die...

*,**,*,,,,,,,,,*****,,,,,,,
*,**,*****,***,,,,,,,,,,,,,
*,,,,* *,***,,***,,,,,,,,
****** *,,**,,* *,,,,,,,,
**,,*,,* *,******* **,,,,*
*,* ***,,* *,*
#########..##*,*******
#....@O.....(,,,,,**,,
#.########.#.....,**,,
#.##.....#.#.....,#*,,
#.##.#.....#....,..,,,
#.##..........##.#**,*
#................***,*
#####..####...##,,,,,*
#.........<#,**,,*
#.##.......#,**,,,


You could see an ogre.

Vanquished Creatures
  The ghost of niknal the Changer, an amateur OpTm (D:3)
  A scorpion (D:2)
  A hound (D:4)
  An orc priest (D:3)
  6 adders
  A worm (D:3)
  A dart slug (D:1)
  9 orcs (D:3)
  6 endoplasms
  3 giant cockroaches
  8 goblins
  6 hobgoblins
  7 kobolds
  3 quokkas (D:1)
  3 ball pythons
  2 bats
  2 frilled lizards
  9 rats
70 creatures vanquished.

Notes
Turn   | Place    | Note
-------+----------+-------------------------------------------
     0 | D:1      | SatanicRosa666 the Vampire Ice Elementalist began the quest
                  | for the Orb.
     0 | D:1      | Reached XP level 1. HP: 13/13 MP: 3/3
    94 | D:1      | Learned a level 1 spell: Shock
   332 | D:1      | Reached XP level 2. HP: 14/20 MP: 5/5
   947 | D:2      | Gained mutation: You are afflicted with vampirism and can
                  | become a bat while bloodless. [Vampire growth]
   947 | D:2      | Reached XP level 3. HP: 19/25 MP: 6/6
  1028 | D:2      | Identified the +7 rapier "Fuliteh" {holy, rPois rF+ Int-5}
  1295 | D:2      | Noticed a scorpion
  1304 | D:2      | Killed a scorpion
  1305 | D:2      | Reached skill level 1 in Short Blades
  1305 | D:2      | Reached XP level 4. HP: 31/31 MP: 3/7
  1721 | D:3      | Found a faded altar of an unknown god.
  1729 | D:3      | Prayed at the altar of an unknown god.
  1729 | D:3      | Became a worshipper of Sif Muna the Loreminder
  1729 | D:3      | Reached * piety under Sif Muna
  1734 | D:3      | Learned a level 3 spell: Frozen Ramparts
  1941 | D:3      | Found an iron altar of Okawaru.
  1948 | D:3      | Reached XP level 5. HP: 26/36 MP: 7/9
  2098 | D:3      | Reached skill level 1 in Maces & Flails
  2122 | D:3      | Found Redoruxt's General Store.
  2125 | D:3      | Bought a potion of brilliance for 48 gold pieces
  2125 | D:3      | Bought a potion of brilliance for 48 gold pieces
  2430 | D:3      | Found a runed translucent gate.
  2431 | D:3      | Found a runed translucent gate.
  2431 | D:3      | Found a runed translucent gate.
  2431 | D:3      | Noticed niknal's ghost (amateur OpTm)
  3152 | D:3      | Reached skill level 1 in Fighting
  3372 | D:3      | Killed niknal's ghost
  3373 | D:3      | Reached skill level 5 in Ice Magic
  3384 | D:3      | Reached XP level 6. HP: 9/43 MP: 2/10
  4679 | D:4      | Slain by an ogre

Illustrated notes

Levels and vault maps discovered:
D:1:      matt_arrival_spirals, layout_rooms
D:2:      layout_loops_ring
D:3:      layout_loops_ring, okawaru_gym_becter, biasface_ghost_orc_armoury,
          hellmonk_ecumenical_altar_crossroads, serial_shops,
          nicolae_shop_real_fake_doors, hangedman_decor_growths
D:4:      layout_basic, kennysheep_vampire_church, fedhas_altar_fruit_tree

Skill      XL: |  1  2  3  4  5  6 |
---------------+-------------------+-----
Short Blades   | 1 |  1.2
Maces & Flails | 1 |  1.3
Fighting       | 1 |  1.1
Spellcasting   | 3 |  3.1
Ice Magic      | 5 |  5.3
Dodging        | 3 |  3.0
Throwing       | |  0.4
Armour         | |  0.8
Stealth        | |  3.4
Shields        | |  0.6
Unarmed Combat | |  0.1
Conjurations   | |  0.1
Air Magic      | |  0.1

Action                     |  1- 3 |  4- 6 || total
---------------------------+-------+-------++-------
  Melee: Unarmed           |    36 |       ||    36
         Short sword       |    56 |       ||    56
         Dagger            |    13 |       ||    13
         Bite              |    19 |     9 ||    28
         Punch             |     2 |       ||     2
         Whip              |     9 |       ||     9
         Mace              |       |    92 ||    92
  Throw: Dart              |     4 |     8 ||    12
         Javelin           |     1 |     8 ||     9
         Stone             |       |     1 ||     1
   Cast: Shock             |     4 |       ||     4
         Freeze            |    13 |    37 ||    50
         Frozen Ramparts   |       |     1 ||     1
  Evoke: Wand              |       |     2 ||     2
    Use: Scroll            |     2 |     2 ||     4
         Potion            |       |     2 ||     2
   Stab: Sleeping          |       |     1 ||     1
 Armour: Robe              |    18 |       ||    18
         Ring mail         |     3 |    60 ||    63
  Dodge: Dodged            |    84 |    51 ||   135
  Block: Other             |    13 |    18 ||    31
         Reflection        |     1 |       ||     1
         Buckler           |       |    23 ||    23

Table legend: (Time is in decaauts)
 A = Elapsed time spent in this place.
 B = Non-inter-level travel time spent in this place.
 C = Inter-level travel time spent in this place.
 D = Time resting spent in this place.
 E = Time spent auto-exploring this place.
 F = Levels seen in this place.
 G = Mean time per level.
                   A        B        C        D        E       F      G
               +--------+--------+--------+--------+--------+-----+--------+
         Total |   4719 |   4719 |      0 |   1634 |    113 |   4 | 1179.8 |
       Dungeon |   4719 |   4719 |      0 |   1634 |    113 |   4 | 1179.8 |
               +--------+--------+--------+--------+--------+-----+--------+

Top non-repeatable levels by time:
     D:3: 2061 daAuts
     D:4: 1111 daAuts
     D:1: 933 daAuts
     D:2: 612 daAuts
